 Dungeon Crawl Stone Soup version 0.19-a0-1555-g1831138 (webtiles) character file.

172748 MackTheKnife the Thaumaturge (level 18, -1/181 HPs)
             Began as a Naga Wizard on Sept 15, 2016.
             Was the Champion of Vehumet.
             Slain by a spectral seven-headed hydra (7 damage)
             ... called from beyond by a ghost crab
             ... on level 3 of the Swamp.
             The game lasted 02:13:34 (31546 turns).

MackTheKnife the Thaumaturge (Naga Wizard)         Turns: 31546, Time: 02:13:35

Health: -1/181     AC: 14    Str: 15    XL:     18   Next: 4%
Magic:  8/45       EV: 14    Int: 25    God:    Vehumet [******]
Gold:   1618       SH:  0    Dex:  9    Spells: 11 memorised, 3 levels left

rFire  . . .     SeeInvis +     a - +5 falchion (elec)
rCold  + + .     Gourm    .     I - +2 robe {rC+}
rNeg   + . .     Faith    .     (no shield)
rPois  +         Spirit   .     A - +0 hat {MR+}
rElec  .         Dismiss  .     e - +2 cloak
rCorr  .         Reflect  .     q - +1 pair of gloves {Str+3}
MR     +++..     Harm     .     (no barding)
Stlth  +++++.....               M - amulet of magic regeneration
                                f - ring of the Unkillable {rC+ rN+ Stlth+}
                                n - ring of magical power {MP+9}

@: regenerating (expiring), repel missiles, drained, very slow
A: see invisible, deformed body, poison resistance, robust 1, slowness 2, slow
metabolism 1, spit poison 1, constrict 1, AC +6
a: Spit Poison, Renounce Religion


You were on level 3 of the Swamp.
You worshipped Vehumet.
Vehumet was exalted by your worship.
You were not hungry.

You visited 5 branches of the dungeon, and saw 28 of its levels.
You also visited: Labyrinth, Bailey and Ice Cave.

You collected 2477 gold pieces.
You spent 859 gold pieces at shops.

Inventory:

Hand Weapons
 a - a +5 falchion of electrocution (weapon)
   (You took it off Eustachio on level 5 of the Dungeon)
 V - the +10 hand axe of the Iron City of Dis {chop, *Rage rElec rPois Str+5}
   (You bought it in a shop on level 4 of the Dungeon)

   It inflicts extra damage upon your enemies.
   It affects your strength (+5).
   It insulates you from electricity.
   It protects you from poison.
   It may make you go berserk in combat.
Missiles
 Z - 4 throwing nets {=f, !d}
Armour
 e - a +2 cloak (worn)
   (You found it on level 12 of the Dungeon)
 q - a +1 pair of gloves of strength (worn)
   (You found it on level 5 of the Lair of Beasts)
 A - a +0 hat of magic resistance (worn)
   (You found it on level 1 of the Orcish Mines)
 E - a +2 ring mail of magic resistance
   (You took it off Harold on level 3 of the Lair of Beasts)
 I - a +2 robe of cold resistance (worn)
   (You found it on level 6 of the Lair of Beasts)
Magical Staves
 z - an uncursed staff of cold {rC+}
   (You found it in a bailey)
 G - an uncursed staff of earth
   (You found it on level 13 of the Dungeon)
 R - an uncursed staff of wizardry {wiz+, !a}
   (You found it on level 15 of the Dungeon)
Rods
 b - a +0 lightning rod (10/10)
   (You found it on level 6 of the Dungeon)
Jewellery
 f - the ring of the Unkillable (right hand) {rC+ rN+ Stlth+}
   (You bought it in a shop on level 2 of the Orcish Mines)

   [ring of stealth]

   It protects you from cold.
   It protects you from negative energy.
   It makes you more stealthy.
 n - a ring of magical power (left hand) {MP+9}
   (You found it on level 2 of the Lair of Beasts)
 J - an uncursed ring of fire {rF+, rC-}
   (You found it on level 14 of the Dungeon)
 M - an amulet of magic regeneration (around neck)
   (You found it on level 8 of the Dungeon)
 P - an uncursed ring of wizardry {Wiz+, !d}
   (You found it on level 8 of the Dungeon)
Wands
 h - a wand of hasting (5/9)
   (You found it on level 6 of the Lair of Beasts)
 j - a wand of digging (15/24)
   (You found it in a labyrinth)
 l - a wand of lightning (1/15)
   (You found it on level 4 of the Dungeon)
 p - a wand of iceblast (0/15)
   (You found it in a labyrinth)
 B - a wand of disintegration (7/24)
   (You found it in an ice cave)
 K - a wand of disintegration (10/24)
   (You found it on level 10 of the Dungeon)
 O - a wand of disintegration (13/24)
   (You found it on level 9 of the Dungeon)
Scrolls
 k - 4 scrolls of recharging
 t - 6 scrolls of immolation {!r}
 v - 3 scrolls of fog
 x - 2 scrolls of remove curse
 y - a scroll of blinking {!r}
 C - 2 scrolls of identify
 F - a scroll of teleportation
 T - a scroll of silence
 Y - 2 scrolls of fear
Potions
 c - 3 potions of magic
 g - a potion of ambrosia
 i - 5 potions of flight
 m - a potion of heal wounds
 o - 8 potions of curing
 r - 3 potions of agility
 u - a potion of haste
 w - 3 potions of brilliance
 H - a potion of might
 L - 3 potions of cancellation
 N - 3 potions of invisibility
 Q - 5 potions of resistance
Miscellaneous
 U - a crystal ball of energy
   (You found it on level 14 of the Dungeon)
 W - a sack of spiders
Comestibles
 d - 8 bread rations {@e1}
 s - 13 meat rations {@e2}
 S - 71 fruits


   Skills:
 - Level 11.0(10.8) Fighting
 - Level 5.5(5.3) Long Blades
 - Level 9.7(9.5) Dodging
 - Level 8.6(8.4) Stealth
 + Level 14.9(14.8) Spellcasting
 + Level 13.2(13.1) Conjurations
 - Level 4.3(4.1) Charms
   Level 1.0(0.8) Summonings
 - Level 5.4(5.3) Necromancy
 - Level 1.0(0.8) Translocations
 - Level 6.2(6.1) Fire Magic
 - Level 5.6(5.5) Ice Magic
 + Level 5.5(5.4) Air Magic
 - Level 8.7(8.6) Earth Magic
 - Level 3.8(3.7) Poison Magic


You had 3 spell levels left.
You knew the following spells:

 Your Spells              Type           Power        Failure   Level  Hunger
a - Conjure Flame         Conj/Fire      ######..     1%          3    None
b - Blink                 Tloc           N/A          3%          2    None
c - Iron Shot             Conj/Erth      ######....   1%          6    ####...
d - Repel Missiles        Chrm/Air       #####.       1%          2    None
e - Bolt of Draining      Conj/Necr      ######....   1%          5    ##.....
f - Fireball              Conj/Fire      ######....   1%          5    ##.....
g - Orb of Destruction    Conj           ######....   4%          7    ######.
h - Freezing Cloud        Conj/Ice/Air   ######....   5%          6    ####...
r - Regeneration          Chrm/Necr      #####.....   1%          3    None
x - Mephitic Cloud        Conj/Pois/Air  ######..     1%          3    None
z - Magic Dart            Conj           ####         0%          1    None


Dungeon Overview and Level Annotations

Branches:
Dungeon (15/15)            Temple (1/1) D:5            Lair (6/6) D:9
  Swamp (4/4) Lair:2        Snake (0/4) Lair:3        Slime (0/5) Lair:5
    Orc (2/2) D:9             Elf (0/3) Orc:2        Vaults (0/5) D:14
 Depths (0/5) D:15

Altars:
Ashenzari
Cheibriados
Dithmenos
Elyvilon
Fedhas
Gozag
Hepliaklqana
Kikubaaqudgha
Makhleb
Nemelex Xobeh
Okawaru
Qazlal
Ru
Sif Muna
Trog
Uskayaw
Vehumet
Xom
Yredelemnul
Zin
The Shining One
Beogh
Jiyva

Shops:
D:4 (   D:8 *   D:12 *   Orc:1 :   Orc:2 *%=*

Annotations:
Lair:3 Rupert
Lair:4 exclusions: downstairs and upstairs
Swamp:3 Louise
Swamp:4 Kirke
Orc:2 Agony


Innate Abilities, Weirdness & Mutations

You cannot wear boots.
Your serpentine skin is tough. (AC +6)
You have supernaturally acute eyesight. (SInv)
Armour fits poorly on your strangely shaped body.
Your system is resistant to poisons. (rPois)
You cover ground very slowly.
You have a slow metabolism.
You can spit poison.
You can use your snake-like lower body to constrict enemies.
You are robust. (+10% HP)


Message History

You hit the vampire mosquito but do no damage.
There is a sudden explosion of sparks!
You grab the vampire mosquito.
Your worker ant bites the vampire mosquito.
The vampire mosquito bites your worker ant.
You regained 2 hp, and now have 11/181 hp.
You slash the vampire mosquito!
You destroy the vampire mosquito!
Vehumet accepts your kill.
You feel your power returning.
Your skin is crawling a little less now.
You regained 3 mp, and now have 7/45 mp.
Unknown command.
You see here a vampire mosquito corpse.
You regained 2 hp, and now have 14/181 hp.
Unknown command.
Unknown command.
You regained 2 hp, and now have 16/181 hp.
Unknown command.
Unknown command.
Your skin crawls.
You regained 4 hp, and now have 20/181 hp.
You now have 6/45 mp.
Unknown command.
Unknown command.
Aim: a shadow The iron shot misses the shadow.
A bog body comes into view.
You regained 2 hp, and now have 23/181 hp.
You now have 1/45 mp.
Unknown command.
You swap places.
You regained 2 hp, and now have 25/181 hp.
Unknown command.
Something hits your worker ant.
You regained 2 hp, and now have 27/181 hp.
Unknown command.
A ghost crab comes into view.
Something hits your worker ant.
You see here a vampire mosquito corpse.
You regained 2 hp, and now have 29/181 hp.
Unknown command.
Your worker ant bites the shadow!
The shadow slips into darkness.
The shadow flickers and vanishes for a moment.
You regained 2 hp, and now have 32/181 hp.
The shadow strikes at your worker ant from the darkness!
Your worker ant dies!
Your worker ant's corpse disappears in a puff of smoke!
As you read the scroll of teleportation, it crumbles to dust.
You feel strangely unstable.
The ghost crab breathes spectral mist at you.
The spectral mist engulfs you! The shadow barely misses you.
Unknown command.
Unknown command.
You are engulfed in spectral mist.
The ghost crab breathes spectral mist at you.
The spectral mist engulfs you! The shadow hits you!
* * * LOW HITPOINT WARNING * * *
You take 9 damage, and have 25/181 hp.
Unknown command.
Unknown command.
You are engulfed in spectral mist.
* * * LOW HITPOINT WARNING * * *
Your surroundings suddenly seem different.
You take 3 damage, and have 22/181 hp.
Unknown command.
As you read the scroll of teleportation, it crumbles to dust.
You feel strangely unstable.
The ghost crab breathes spectral mist at you.
The spectral mist engulfs Louise.
Louise is engulfed in spectral mist.
Louise points at you and mumbles some strange words.
You resist with almost no effort.
You regained 2 hp, and now have 24/181 hp.
Unknown command.
Your skin is crawling a little less now.
Louise is engulfed in spectral mist.
The ghost crab breathes spectral mist at you.
The spectral mist engulfs Louise.
You regained 2 hp, and now have 26/181 hp.
Unknown command.
Unknown command.
You are engulfed in spectral mist.
* * * LOW HITPOINT WARNING * * *
Your surroundings suddenly seem different.
Splash!
You fall into the shallow water.
Moving in this stuff is going to be slow.
The eight-headed hydra roars!
The spectral giant leech fades away!
The spectral seven-headed hydra bites you!
* * * LOW HITPOINT WARNING * * *
The spectral seven-headed hydra barely misses you.
The spectral seven-headed hydra bites you but does no damage.
The spectral seven-headed hydra misses you.
The spectral seven-headed hydra bites you.
* * * LOW HITPOINT WARNING * * *
You partially resist.
You feel drained.
The spectral seven-headed hydra bites you!
You die...

♣.≈≈..♣♣♣ .....≈≈≈≈≈(≈≈.♣
♣.≈..♣♣ ♣.≈.≈≈≈≈≈≈.≈≈.♣
♣♣≈≈w.♣♣ ♣......≈≈≈.≈≈.♣
♣≈..y..♣ ♣..≈≈≈.≈≈....♣
§≈≈D..≈♣ ♣...≈..≈..≈♣.♣♣
....≈.≈♣ ♣.≈≈....≈≈≈..♣
≈§..§≈..♣ ♣♣♣.♣.t...≈≈≈...
≈♣≈≈≈≈≈.♣ ♣♣...Z.§§§....≈≈♣
≈≈..≈≈≈..♣ ♣D≈..@§§§§≈≈≈≈♣..
♣.♣≈≈≈≈≈..≈≈.≈≈.WZ†.§..≈≈≈§.
≈.....≈≈♣.≈♣≈♣≈≈.♣♣♣..♣...≈≈
≈≈.♣♣..≈≈≈.♣≈.♣≈.≈≈≈.♣♣♣..≈.
≈≈. ♣♣♣..!♣≈≈≈≈...≈≈≈♣ ♣.≈.
.w≈♣≈>≈≈≈≈≈≈♣ ...
..♣≈≈≈n.≈≈.♣♣ ≈≈ ♣≈.≈≈≈≈.≈≈.
≈≈≈.≈..


You could see an eight-headed hydra, a ghost crab, a spectral seven-headed
hydra, a spectral alligator snapping turtle, a bog body, a swamp worm and a
shadow.

Vanquished Creatures
  3 thorn hunters
  An orc warlord (Bailey)
  Roxanne (D:15)
  A frost giant (IceCv)
  The ghost of e25 the Severer, a journeyman DsGl of Makhleb (Swamp:1)
  A fire dragon (D:14)
  A minotaur (Lab)
  A great orb of eyes (D:15)
  Harold (Lair:3)
  11 hydras
  4 catoblepae
  4 centaur warriors
  A death knight (D:11)
  4 alligators
  19 death yaks
  6 orc high priests (Orc:2)
  Sonja (Lair:4)
  6 skeletal warriors
  A spriggan druid (Swamp:3)
  2 swamp dragons
  5 unseen horrors
  A deep elf archer (D:14)
  11 orc knights
  Pikel (D:5)
  A shambling mangrove (Swamp:4)
  6 hill giants
  6 deep elf magi
  2 manticores
  2 wolf spiders (D:15)
  9 ugly things (D:15)
  5 griffons
  3 hornets
  A black mamba (shapeshifter) (D:14)
  20 elephants
  A cyclops (D:13)
  2 centaur zombies
  A naga mage (D:15)
  6 black mambas
  2 gargoyles
  10 spiny frogs
  2 rime drakes
  A torpor snail (Lair:2)
  2 kobold demonologists (D:13)
  7 komodo dragons
  2 freezing wraiths (D:11)
  5 yaktaurs (D:14)
  14 polar bears
  3 trolls
  A giant leech (Lair:2)
  2 two-headed ogres
  A slime creature (Swamp:1)
  8 blink frogs
  Prince Ribbit (D:9)
  6 bog bodies
  4 dream sheep (Lair:6)
  A boulder beetle (Lair:3)
  A spriggan (Swamp:2)
  2 wraiths
  2 wyverns (D:11)
  A centaur simulacrum (D:13)
  3 shadows
  56 yaks
  4 basilisks
  5 hungry ghosts
  Eustachio (D:5)
  9 hippogriffs
  7 vampire mosquitoes
  A harpy simulacrum (D:14)
  7 wargs
  Menkaure (D:5)
  8 swamp worms
  9 insubstantial wisps (Swamp:1)
  11 water moccasins
  4 porcupines
  A sky beast (D:14)
  6 swamp drakes
  A black bear (D:8)
  44 orc warriors
  8 wasps
  15 ice beasts
  2 necrophages
  2 phantoms
  22 wolves
  11 ogres
  12 centaurs
  17 crocodiles
  A big kobold (D:11)
  Blork the orc (Orc:1)
  20 giant frogs
  A wyvern zombie (D:6)
  A wyvern skeleton (D:14)
  6 scorpions
  3 wights (D:13)
  5 howler monkeys
  8 crimson imps
  4 giant frog zombies
  4 hounds
  42 orc priests
  2 giant frog skeletons
  7 iguanas
  An iron imp (Orc:1)
  3 jellies
  25 orc wizards
  10 centaur skeletons
  7 worker ants
  A hound skeleton (D:4)
  A mummy (D:9)
  A worker ant zombie (D:7)
  7 gnolls
  11 adders
  38 river rats
  8 shadow imps
  A white imp (Orc:1)
  3 oozes
  An adder zombie (D:9)
  2 adder skeletons
  2 worms
  3 dart slugs
  8 giant geckos
  87 orcs
  3 ball pythons
  12 bats
  4 giant cockroaches
  8 goblins
  13 hobgoblins
  21 jackals
  25 kobolds
  4 quokkas
  6 frilled lizards
  A giant gecko skeleton (D:5)
  3 giant gecko zombies
  A jackal zombie (D:5)
  A quokka zombie (D:6)
  15 rats
940 creatures vanquished.

Vanquished Creatures (collateral kills)
  A gargoyle (D:14)
  A jackal (D:2)
2 creatures vanquished.

Vanquished Creatures (others)
  2 rime drakes (IceCv)
  2 wolves (IceCv)
  An orc wizard (Orc:1)
  An adder (D:5)
  A quokka (D:8)
  A briar patch (Swamp:1)
  15 fungi
  38 plants
61 creatures vanquished.

Grand Total: 1003 creatures vanquished

Notes
Turn   | Place    | Note
-------+----------+-------------------------------------------
     0 | D:1      | MackTheKnife the Naga Wizard began the quest for the Orb.
     0 | D:1      | Reached XP level 1. HP: 15/15 MP: 4/4
    79 | D:1      | Reached XP level 2. HP: 22/22 MP: 6/6
    93 | D:1      | Learned a level 2 spell: Call Imp
   556 | D:1      | Reached skill level 2 in Conjurations
   691 | D:1      | Reached XP level 3. HP: 27/28 MP: 2/7
   913 | D:1      | Learned a level 3 spell: Mephitic Cloud
  1194 | D:1      | Learned a level 3 spell: Conjure Flame
  1542 | D:2      | Reached skill level 1 in Poison Magic
  1649 | D:2      | Reached XP level 4. HP: 29/36 MP: 0/9
  1995 | D:3      | HP: 9/36 [worm (12)]
  2237 | D:3      | Reached skill level 2 in Poison Magic
  2240 | D:3      | Reached skill level 1 in Air Magic
  2384 | D:3      | Reached skill level 1 in Fire Magic
  2384 | D:3      | Reached XP level 5. HP: 33/42 MP: 1/10
  2957 | D:3      | Reached skill level 4 in Spellcasting
  3202 | D:3      | Reached skill level 3 in Conjurations
  3524 | D:3      | Reached XP level 6. HP: 43/49 MP: 6/12
  3530 | D:3      | Reached skill level 3 in Poison Magic
  4241 | D:4      | Noticed an ice beast
  4714 | D:4      | Reached skill level 4 in Conjurations
  4714 | D:4      | Reached skill level 2 in Air Magic
  4714 | D:4      | Reached XP level 7. HP: 54/55 MP: 2/14
  4798 | D:4      | Reached skill level 5 in Spellcasting
  5013 | D:5      | Entered Level 5 of the Dungeon
  5157 | D:5      | Noticed Menkaure
  5239 | D:4      | Learned a level 2 spell: Blink
  5256 | D:4      | Reached skill level 3 in Air Magic
  5365 | D:4      | Found Guaxzigh's Antique Weapon Shop.
  5472 | D:4      | Reached XP level 8. HP: 48/62 MP: 2/16
  5511 | D:4      | Reached skill level 5 in Conjurations
  5775 | D:4      | Found a hazy altar of Hepliaklqana.
  5884 | D:5      | Found a staircase to the Ecumenical Temple.
  5896 | Temple   | Entered the Ecumenical Temple
  5949 | Temple   | Became a worshipper of Vehumet
  6042 | D:5      | Noticed Pikel
  6053 | D:5      | Killed Pikel
  6053 | D:5      | Reached skill level 6 in Spellcasting
  6053 | D:5      | Reached skill level 4 in Air Magic
  6278 | D:5      | Reached skill level 1 in Fighting
  6278 | D:5      | Reached skill level 2 in Dodging
  6358 | D:5      | Noticed Eustachio
  6369 | D:5      | Killed Eustachio
  6369 | D:5      | Reached skill level 2 in Fighting
  6410 | D:5      | Killed Menkaure
  6410 | D:5      | Reached skill level 3 in Fighting
  6410 | D:5      | Reached skill level 3 in Dodging
  6410 | D:5      | Reached XP level 9. HP: 39/75 MP: 7/18
  7117 | D:4      | Bought a polished hand axe for 248 gold pieces
  7117 | D:4      | Identified the +10 hand axe of the Iron City of Dis {chop, *Rage rElec rPois Str+5} (You bought it in a shop on level 4 of the Dungeon)
  7244 | D:6      | Identified a +0 lightning rod (10/10) (You found it on level 6 of the Dungeon)
  7407 | D:6      | Reached skill level 9 in Fighting
  7407 | D:6      | Reached skill level 7 in Dodging
  7407 | D:6      | Reached XP level 10. HP: 99/99 MP: 19/19
  7533 | D:6      | Reached * piety under Vehumet
  7533 | D:6      | Offered knowledge of Shock by Vehumet.
  7540 | D:6      | Reached skill level 6 in Conjurations
  8167 | D:7      | Reached skill level 1 in Long Blades
  8293 | D:7      | Reached skill level 2 in Long Blades
  8398 | D:7      | Learned a level 2 spell: Repel Missiles
  8479 | D:7      | Reached ** piety under Vehumet
  8548 | D:7      | Offered knowledge of Sting by Vehumet.
  8604 | D:7      | Found a hazy altar of Hepliaklqana.
  8764 | D:7      | Reached skill level 3 in Long Blades
  8894 | D:8      | Found Kulale's Assorted Antiques.
  8950 | D:8      | Bought a scroll labeled INODEDENIO for 20 gold pieces
  8950 | D:8      | Bought a scroll labeled EMAETU LEDIMOT for 20 gold pieces
  9339 | D:8      | Offered knowledge of Inner Flame by Vehumet.
  9339 | D:8      | Reached skill level 4 in Long Blades
  9374 | D:8      | Found a white marble altar of Elyvilon.
  9851 | D:8      | Found a stormy altar of Qazlal.
 10006 | D:9      | Found a staircase to the Lair.
 10072 | D:9      | Found a snail-covered altar of Cheibriados.
 10127 | D:9      | Found an ancient bone altar of Kikubaaqudgha.
 10165 | D:9      | Reached *** piety under Vehumet
 10274 | D:9      | Got a steaming glaive
 10323 | D:9      | Got a faintly glowing ring mail
 10334 | D:9      | Identified the cursed +0 ring mail of Gluttony {rN+ MR+ Stlth+} (You found it on level 9 of the Dungeon)
 10402 | D:9      | Found a deep blue altar of Sif Muna.
 10529 | D:9      | Found a deep blue altar of Sif Muna.
 10529 | D:9      | Noticed Prince Ribbit
 10538 | D:9      | Reached skill level 5 in Long Blades
 10539 | D:9      | Reached XP level 11. HP: 106/106 MP: 11/20
 10540 | D:9      | Killed Prince Ribbit
 10564 | D:9      | Got a dazzling short sword {drain}
 10568 | D:9      | Identified the cursed +1 short sword of Fortitude {drain, rPois Int+2} (You took it off an orc wizard on level 9 of the Dungeon)
 10593 | D:9      | Learned a level 5 spell: Bolt of Draining
 10594 | D:9      | Found a staircase to the Orcish Mines.
 10623 | D:9      | Offered knowledge of Stone Arrow by Vehumet.
 10636 | D:9      | Found a roughly hewn altar of Beogh.
 10820 | D:9      | Reached skill level 1 in Necromancy
 11003 | D:10     | Entered Level 10 of the Dungeon
 11048 | D:10     | Reached skill level 2 in Necromancy
 11183 | D:10     | Reached skill level 7 in Spellcasting
 11216 | D:10     | Reached **** piety under Vehumet
 11272 | D:10     | Noticed a hill giant
 11297 | D:10     | Killed a hill giant
 11297 | D:10     | Reached skill level 7 in Conjurations
 11319 | D:10     | Got a translucent falchion
 11346 | D:10     | Noticed an unseen horror
 11360 | D:10     | Killed an unseen horror
 11360 | D:10     | Reached skill level 3 in Necromancy
 11497 | D:10     | Got a twitching bronze amulet
 11499 | D:10     | Identified the amulet of Lusum {Inacc MR+} (You found it on level 10 of the Dungeon)
 11623 | D:10     | Offered knowledge of Iskenderun's Mystic Blast by Vehumet.
 11633 | D:10     | Learned a level 4 spell: Iskenderun's Mystic Blast
 11781 | Lair:1   | Entered Level 1 of the Lair of Beasts
 11842 | Lair:1   | Noticed an eight-headed hydra
 11843 | Lair:1   | Reached skill level 4 in Necromancy
 11848 | Lair:1   | Killed an eight-headed hydra
 12032 | Lair:1   | Identified the +8 falchion "Peisk" {slice, rF- MP-9 Str+5 Int+4} (You found it on level 10 of the Dungeon)
 12116 | Lair:1   | Reached skill level 8 in Spellcasting
 12299 | Lair:1   | Reached skill level 5 in Necromancy
 12604 | Lair:1   | Reached skill level 8 in Conjurations
 12765 | Lair:2   | Reached XP level 12. HP: 114/114 MP: 12/24
 13010 | Lair:2   | Identified the +2 glaive "Hiogh" {venom, rN+} (You found it on level 9 of the Dungeon)
 13142 | Lair:2   | Reached skill level 9 in Conjurations
 13183 | Lair:2   | Reached skill level 9 in Spellcasting
 13335 | Lair:2   | Found a staircase to the Swamp.
 13591 | Lair:2   | Noticed a seven-headed hydra
 13594 | Lair:2   | Killed a seven-headed hydra
 13758 | Lair:2   | Reached ***** piety under Vehumet
 13758 | Lair:2   | Offered knowledge of Iron Shot by Vehumet.
 13772 | Lair:2   | Learned a level 6 spell: Iron Shot
 14239 | Lair:3   | Reached skill level 1 in Earth Magic
 14295 | Lair:3   | Noticed Harold
 14299 | Lair:3   | Killed Harold
 14299 | Lair:3   | Reached skill level 3 in Earth Magic
 14311 | Lair:3   | Learned a level 3 spell: Regeneration
 14397 | Lair:3   | Reached skill level 4 in Earth Magic
 14556 | Lair:3   | Reached skill level 5 in Earth Magic
 14699 | Lair:3   | Gained mutation: You can use your snake-like lower body to constrict enemies. [Naga growth]
 14699 | Lair:3   | Reached XP level 13. HP: 121/121 MP: 26/26
 14831 | Lair:3   | Found a staircase to the Snake Pit.
 14908 | Lair:3   | Noticed Rupert
 14952 | Lair:4   | Reached skill level 6 in Earth Magic
 15193 | Lair:4   | Noticed Sonja
 15195 | Lair:4   | Killed Sonja
 15354 | Lair:4   | Reached skill level 7 in Earth Magic
 15976 | Lair:5   | Reached skill level 10 in Conjurations
 16519 | Lair:5   | Reached skill level 10 in Spellcasting
 16534 | Lair:5   | Reached skill level 8 in Earth Magic
 16658 | Lair:5   | Found a staircase to the Slime Pits.
 16658 | Lair:5   | Found a viscous altar of Jiyva.
 16755 | Lair:6   | Entered Level 6 of the Lair of Beasts
 17609 | Lair:6   | Reached skill level 11 in Spellcasting
 17791 | Lair:6   | Reached XP level 14. HP: 118/129 MP: 20/29
 18029 | Lair:6   | Offered knowledge of Ozocubu's Refrigeration by Vehumet.
 18394 | Lair:6   | MackTheKnife: Hey hey
 18418 | Lair:6   | Reached skill level 12 in Spellcasting
 18729 | Lair:6   | Reached skill level 13 in Spellcasting
 18962 | Lair:6   | Reached skill level 8 in Dodging
 19203 | Lair:5   | Gained mutation: You have a pair of small horns on your head. [potion of beneficial mutation]
 19615 | Orc:1    | Entered Level 1 of the Orcish Mines
 19615 | Orc:1    | Found Vikhlyle's Book Shop.
 19681 | Orc:1    | Noticed Blork the orc
 19682 | Orc:1    | Killed Blork the orc
 19695 | Orc:1    | Arkorax: heyo
 19697 | Orc:1    | MackTheKnife: how's tricks?
 19728 | Orc:1    | Got an ancient hat
 19775 | Orc:1    | Found a frozen archway.
 19807 | IceCv    | Entered an ice cave
 19809 | IceCv    | Arkorax: tricks?
 19809 | IceCv    | MackTheKnife: how's it going? :)
 19809 | IceCv    | MackTheKnife: having a good thursday evening?
 19820 | IceCv    | Identified the -1 hat "Izaeny" {-Cast rF+++ rCorr Int-2} (You found it on level 1 of the Orcish Mines)
 19917 | IceCv    | Arkorax: yea thanks
 19923 | IceCv    | Arkorax: what about you :)?
 19923 | IceCv    | MackTheKnife: yeop! made a killer indian stew yesterday, gonna heat some later
 19978 | IceCv    | Arkorax: nice
 19978 | IceCv    | Arkorax: spicy?
 19979 | IceCv    | MackTheKnife: Super
 19979 | IceCv    | MackTheKnife: tried to make it like the "vindaloo" dish
 19979 | IceCv    | MackTheKnife: but it's hard, I don't know the indian secret tech
 19981 | IceCv    | Arkorax: nicerer
 19987 | IceCv    | Arkorax: indian tech support
 19990 | IceCv    | MackTheKnife: haha
 19999 | IceCv    | Reached skill level 10 in Fighting
 20002 | IceCv    | Arkorax: man underhound is so laggy today
 20003 | IceCv    | MackTheKnife: whassat? this server?
 20006 | IceCv    | Arkorax: yea
 20033 | IceCv    | MackTheKnife: sometimes delay makes me play better
 20033 | IceCv    | MackTheKnife: got so many stupid tab deaths
 20069 | IceCv    | Arkorax: i belive you haha
 20086 | IceCv    | MackTheKnife: These yaks
 20086 | IceCv    | MackTheKnife: have nothing to live for :(
 20086 | IceCv    | MackTheKnife: straight into the fire
 20087 | IceCv    | Reached skill level 9 in Dodging
 20111 | IceCv    | Arkorax: #Pray4TheYaks2k16
 20124 | IceCv    | MackTheKnife: Hahaha
 20124 | IceCv    | MackTheKnife: Except the death yaks, fuck those guys
 20180 | IceCv    | Noticed a frost giant
 20196 | IceCv    | Reached XP level 15. HP: 139/139 MP: 32/32
 20231 | IceCv    | Killed a frost giant
 20543 | Orc:1    | Got a translucent hat
 20561 | Orc:1    | Identified the +2 hat "Peikk" {Str+2} (You found it on level 1 of the Orcish Mines)
 20764 | Orc:1    | Arkorax: yea
 20808 | Orc:1    | Arkorax: i fucking hate those fucks
 20820 | Orc:1    | MackTheKnife: Very few dudes can outright fight them
 20820 | Orc:1    | MackTheKnife: Thank god for meph cloud and conjure flame ..
 20988 | Orc:2    | Entered Level 2 of the Orcish Mines
 20995 | Orc:2    | Arkorax: yea
 21047 | Orc:2    | MackTheKnife: Here's hoping for Naga barding in a shop
 21049 | Orc:2    | Found a staircase to the Elven Halls.
 21162 | Orc:2    | Reached ****** piety under Vehumet
 21201 | Orc:2    | Offered knowledge of Poison Arrow by Vehumet.
 21557 | Orc:2    | Reached skill level 11 in Fighting
 21788 | Orc:2    | Reached skill level 4 in Stealth
 21806 | Orc:2    | Reached skill level 5 in Stealth
 22080 | Orc:2    | Arkorax: ;p
 22080 | Orc:2    | Arkorax: acqire
 22106 | Orc:2    | Arkorax: +2 pair of gloves "Zuvea" {-Cast Regen+ Int+8 Dex+7}
 22106 | Orc:2    | Arkorax: hollllllllyyyyyyyyyyy boooooooooyyyyyy
 22106 | Orc:2    | MackTheKnife: Ya got those?
 22106 | Orc:2    | Arkorax: yea
 22109 | Orc:2    | Reached skill level 6 in Stealth
 22115 | Orc:2    | Reached skill level 7 in Stealth
 22123 | Orc:2    | MackTheKnife: Sweet, unless you plan on casting spells :D
 22133 | Orc:2    | Arkorax: VS
 22140 | Orc:2    | Arkorax: so prob not
 22380 | Orc:2    | Found Liatsutin's General Store.
 22380 | Orc:2    | Found Leshrur's General Store.
 22389 | Orc:2    | Arkorax: +12 plate armour of Beauty {rElec rC- Int+2}
 22391 | Orc:2    | Arkorax: same floor :,)
 22394 | Orc:2    | Reached skill level 8 in Stealth
 22396 | Orc:2    | MackTheKnife: hoho, love those super high armour things
 22396 | Orc:2    | MackTheKnife: btw do you play here on Lantea?
 22402 | Orc:2    | Gained mutation: Your magical capacity is low. (-10% MP) [a neqoxec]
 22415 | Orc:2    | Found Detapoob's Jewellery Shop.
 22415 | Orc:2    | Found Miczyboe's Food Boutique.
 22444 | Orc:2    | Bought the ring of the Unkillable {rC+ rN+ Stlth+} for 571 gold pieces
 22449 | Orc:2    | Arkorax: yea
 22512 | Orc:2    | Arkorax: underhound :)
 22512 | Orc:2    | Arkorax: best i found so far is
 22512 | Orc:2    | Arkorax: +18 gold dragon armour of Freedom {+Fly rPois rF+ rC+ rCorr}
 22512 | Orc:2    | MackTheKnife: Hehe
 22512 | Orc:2    | MackTheKnife: Wow, Lajatang already
 22512 | Orc:2    | MackTheKnife: solid dude
 22647 | D:11     | Found a labyrinth entrance.
 22656 | Lab      | Entered a labyrinth
 22657 | Lab      | Arkorax: yea :)
 22911 | Lab      | Arkorax: nagas are great too
 22911 | Lab      | Arkorax: especially of chei
 22911 | Lab      | MackTheKnife: yea! I like them a lot
 22911 | Lab      | MackTheKnife: the early game is so interesting
 22911 | Lab      | MackTheKnife: you're slow as shit, but the breath is amazing
 22913 | Lab      | Got a shimmering scythe
 22930 | D:11     | Offered knowledge of Fireball by Vehumet.
 22961 | D:11     | Learned a level 5 spell: Fireball
 23101 | D:11     | Arkorax: yea
 23101 | D:11     | Arkorax: especially if you get mutated :)
 23101 | D:11     | MackTheKnife: Yep!
 23142 | D:11     | Reached skill level 2 in Fire Magic
 23250 | D:11     | MackTheKnife: Also the lvl 13 natural upgrade where you wrap enemies in your tail is so nice
 23345 | D:11     | HP: 34/141 [freezing wraith[a death knight] (3)]
 23347 | D:11     | Reached skill level 3 in Fire Magic
 23350 | D:11     | HP: 18/141 [freezing wraith[a death knight] (7)]
 23351 | D:11     | HP: 3/141 [freezing wraith[a death knight] (8)]
 23853 | D:11     | Found a stormy altar of Qazlal.
 24114 | D:12     | Reached skill level 4 in Fire Magic
 24287 | D:12     | Reached skill level 1 in Charms
 24480 | D:12     | Found Atiff's Changing Room.
 24488 | D:12     | Lost mutation: You have a pair of small horns on your head. [potion of cure mutation]
 24488 | D:12     | Lost mutation: Your magical capacity is low. (-10% MP) [potion of cure mutation]
 24944 | D:13     | Reached skill level 2 in Charms
 25083 | D:13     | Reached skill level 5 in Fire Magic
 25085 | D:13     | Reached skill level 3 in Charms
 25484 | D:13     | Reached skill level 4 in Charms
 25486 | D:13     | Arkorax: yea
 25529 | D:13     | Reached skill level 6 in Fire Magic
 25529 | D:13     | Reached XP level 16. HP: 107/150 MP: 33/33
 25858 | D:13     | Found a blossoming altar of Fedhas.
 25919 | D:13     | Offered knowledge of Orb of Destruction by Vehumet.
 25928 | D:13     | Learned a level 7 spell: Orb of Destruction
 26060 | D:13     | Reached skill level 11 in Conjurations
 26348 | D:14     | Found a flagged portal.
 26358 | Bailey   | Entered a bailey
 26440 | Bailey   | Found a runed gate.
 26449 | Bailey   | Found a runed gate.
 26451 | Bailey   | Found a runed gate.
 26601 | Bailey   | Reached skill level 14 in Spellcasting
 26601 | Bailey   | Reached XP level 17. HP: 157/157 MP: 34/35
 26609 | Bailey   | Gained mutation: You are robust. (+10% HP) [potion of beneficial mutation]
 27000 | D:14     | Arkorax: vamp lajatang!!
 27001 | D:14     | Arkorax: =gg
 27002 | D:14     | MackTheKnife: woo!
 27006 | D:14     | Reached skill level 12 in Conjurations
 27186 | D:14     | Arkorax: yea :)
 27202 | D:14     | MackTheKnife: That or laja of speed = gg
 27396 | D:14     | Arkorax: yep :)
 27620 | D:14     | Found a gate to the Vaults.
 27671 | D:15     | Entered Level 15 of the Dungeon
 27745 | D:15     | Offered knowledge of Freezing Cloud by Vehumet.
 27746 | D:15     | MackTheKnife: Jesus look at all these schools of magic
 27746 | D:15     | MackTheKnife: life of a wizard.jpg
 27801 | D:15     | Noticed Roxanne
 27885 | D:15     | Killed Roxanne
 27939 | D:15     | Got a steaming ring mail
 28537 | D:15     | HP: 43/172 [poisoned by a naga mage (bolt of poison)]
 28931 | D:15     | Identified the +0 ring mail "Jituegu" {MR+ Str+2} (You found it on level 15 of the Dungeon)
 29010 | D:15     | Found a staircase to the Depths.
 29151 | Swamp:1  | Entered Level 1 of the Swamp
 29152 | Swamp:1  | Arkorax: YOU ARE A WIZARD, NAGA
 29152 | Swamp:1  | MackTheKnife: Just
 29152 | Swamp:1  | MackTheKnife: what am I doing with my life
 29152 | Swamp:1  | MackTheKnife: those random small numbers
 29329 | D:8      | Learned a level 6 spell: Freezing Cloud
 29464 | Swamp:1  | Reached skill level 1 in Ice Magic
 29503 | Swamp:1  | Reached skill level 2 in Ice Magic
 29617 | Swamp:1  | Noticed e25's ghost (journeyman DsGl)
 29639 | Swamp:1  | Killed e25's ghost
 29639 | Swamp:1  | Reached skill level 3 in Ice Magic
 29829 | Swamp:1  | Reached skill level 4 in Ice Magic
 30133 | Swamp:1  | Reached skill level 5 in Ice Magic
 30146 | Swamp:1  | Offered knowledge of Bolt of Cold by Vehumet.
 30796 | Swamp:3  | Reached skill level 13 in Conjurations
 31235 | Swamp:3  | Reached skill level 5 in Air Magic
 31405 | Swamp:4  | Entered Level 4 of the Swamp
 31421 | Swamp:4  | Noticed Louise
 31436 | Swamp:3  | HP: 35/172 [swamp worm (26)]
 31441 | Swamp:4  | HP: 35/172 [poisoned by a swamp dragon (blast of poison)]
 31456 | Swamp:4  | HP: 24/172 [spiny frog (22)]
 31497 | Swamp:4  | Reached XP level 18. HP: 65/181 MP: 2/36
 31505 | Swamp:4  | HP: 44/181 [vampire mosquito (5)]
 31506 | Swamp:4  | Noticed Kirke
 31510 | Swamp:3  | HP: 37/181 [poisoned by a hornet]
 31517 | Swamp:3  | HP: 33/181 [spiny frog (15)]
 31523 | Swamp:3  | HP: 40/181 [alligator (1)]
 31525 | Swamp:3  | HP: 13/181 [vampire mosquito (8)]
 31542 | Swamp:3  | HP: 25/181 [shadow (11)]
 31546 | Swamp:3  | HP: 9/181 [spectral seven-headed hydra[a ghost crab] (8)]
 31546 | Swamp:3  | Slain by a spectral seven-headed hydra

Vault maps used:
D:1:      minmay_arrival_diagonal_passages, kennysheep_doodads
D:3:      minmay_ruptured
D:4:      nicolae_ossuary_entry_false_entrances, first_bread, serial_shops,
          shop, lemuel_tele_altar
D:5:      minmay_crystal_room, uniq_pikel, uniq_eustachio, uniq_menkaure
D:7:      lemuel_crystal_altar, minivault_25
D:8:      lemuel_coloured_pillars_altar, elyvilon_altar_4, serial_shops,
          nicolae_shop_overgrown_old_shop
D:9:      lemuel_crystal_altar, slow_altar_1, kennysheep_mini, lair_0_dummy,
          minmay_orc_entry_temple_small, basic_altar, uniq_prince_ribbit1
D:11:     lab_entry_generic, blue_anna_alchemist,
          nicolae_qazlal_eye_of_the_storm
D:12:     nrook_mini_vaults, minmay_misc_feat_secret_circle, kennysheep_nub,
          nicolae_transmutations_shop
D:13:     basic_altar
D:14:     hangedman_vaults_entry_quadrant_bands, enter_bailey_2,
          hangedman_abyss_or_decor_passed
D:15:     hangedman_depths_entry_try_elsewhere_first, corexii_leaking_fountain,
          uniq_roxanne
Temple:   eino_wide_crystal_templ
Lair:1:   infiniplex_staircase_pool, serial_bayou_shore_b, serial_bayou_shore_a,
          lemuel_fruit_fields
Lair:2:   minmay_swamp_entry_worms, infiniplex_staircase_pool_2,
          serial_bayou_shore_b
Lair:3:   dummy_snake_entry, serial_forest, infiniplex_forest_zigzag_2,
          infiniplex_forest_straight_2, infiniplex_forest_corner_1,
          infiniplex_forest_end_1, infiniplex_forest_straight_2,
          infiniplex_forest_end_2, infiniplex_forest_clump_cross,
          infiniplex_forest_lined_corner, cheibrodos_lair_caveside_slide,
          cheibrodos_lair_reptile_den, serial_bayou_shore_b, uniq_rupert,
          uniq_harold
Lair:4:   grunt_forest_stairs_basic, lemuel_fruit_fields, lemuel_fruit_fields,
          lemuel_fruit_tree, uniq_sonja
Lair:5:   slime_altar_1, grunt_megastairs_1
Lair:6:   evilmike_catoblepas_cave
Swamp:1:  evilmike_swamp_ruin_rubble_2
Swamp:2:  nicolae_swamp_treefoil
Swamp:3:  nicolae_swamp_stair_fork
Swamp:4:  swamp_basic_johnstein, uniq_kirke, uniq_louise
Orc:1:    portal_ice_cave_entry_ice_beasts, serial_shops, nicolae_shop_crystal,
          hangedman_minor_magic
Orc:2:    st_orc_pillars
Lab:      labyrinth_watery, nicolae_lab_grate_2, nicolae_lab_checkerboard,
          nicolae_lab_t_cross, nicolae_lab_hexagon
Bailey:   bailey_axe_bossmonster_kennysheep, bailey
IceCv:    ice_cave_caverns_03

Skill      XL: |  1  2  3  4  5  6  7  8  9 10 11 12 13 14 15 16 17 |
---------------+----------------------------------------------------+-----
Conjurations   | 2 3 4 5 6 8 9 10 11 13 | 13.2
Poison Magic   | 1 2 3 |  3.8
Air Magic      | 1 2 3 4 5 |  5.5
Fire Magic     | 1 6 |  6.2
Spellcasting   | 4 5 6 8 9 11 13 14 | 14.9
Fighting       | 3 9 10 11 | 11.0
Dodging        | 3 7 9 |  9.7
Long Blades    | 5 |  5.5
Necromancy     | 5 |  5.4
Earth Magic    | 5 8 |  8.7
Stealth        | 8 |  8.6
Charms         | 4 |  4.3
Ice Magic      | 5 |  5.6
Summonings     | |  1.0
Translocations | |  1.0

Action                   |  1- 3 |  4- 6 |  7- 9 | 10-12 | 13-15 | 16-18 || total
-------------------------+-------+-------+-------+-------+-------+-------++-------
Melee: Unarmed           |    34 |       |       |       |       |       ||    34
       Whip              |    29 |    95 |    21 |       |       |       ||   145
       Short sword       |       |       |    10 |       |       |       ||    10
       Falchion          |       |       |    24 |   571 |   735 |   387 ||  1717
       Hand axe          |       |       |     4 |       |       |       ||     4
       Constrict         |       |       |       |       |   158 |    78 ||   236
       Headbutt          |       |       |       |       |    83 |       ||    83
Throw: Javelin           |     1 |     7 |    11 |     5 |       |       ||    24
 Cast: Magic Dart        |    56 |   157 |   118 |   135 |    16 |     3 ||   485
       Call Imp          |     2 |       |       |     1 |       |       ||     3
       Conjure Flame     |       |     6 |    10 |    21 |    15 |    10 ||    62
       Mephitic Cloud    |       |     5 |    10 |    56 |    28 |    14 ||   113
       Repel Missiles    |       |       |       |     1 |     3 |     4 ||     8
       Bolt of Draining  |       |       |       |    52 |    86 |     8 ||   146
       Iskenderun's Myst |       |       |       |     2 |       |       ||     2
       Iron Shot         |       |       |       |       |   226 |   139 ||   365
       Regeneration      |       |       |       |       |    21 |     9 ||    30
       Fireball          |       |       |       |       |    10 |    12 ||    22
       Freezing Cloud    |       |       |       |       |       |     5 ||     5
       Orb of Destructio |       |       |       |       |       |     4 ||     4
       Blink             |       |       |       |       |       |     2 ||     2
 Abil: Spit Poison       |    14 |     9 |     5 |     6 |     2 |       ||    36
Evoke: Wand              |       |       |     3 |     2 |       |     5 ||    10
       Rod               |       |       |       |       |     3 |       ||     3
       Sack of spiders   |       |       |       |       |       |     1 ||     1
  Use: Scroll            |     1 |    10 |    11 |    16 |    11 |    12 ||    61
       Potion            |       |     3 |     3 |       |     7 |     4 ||    17
 Stab: Sleeping          |     2 |     1 |       |     5 |     7 |    11 ||    26
       Confused          |       |     1 |       |    21 |     8 |     5 ||    35
       Distracted        |       |       |       |       |     2 |     1 ||     3
  Eat: Chunk             |     5 |     8 |     8 |    30 |    58 |     8 ||   117
       Pizza             |       |       |       |     1 |       |     1 ||     2
       Beef jerky        |       |       |       |     2 |     3 |     2 ||     7
       Fruit             |       |       |       |     1 |     8 |       ||     9
       Meat ration       |       |       |       |       |     2 |     2 ||     4
       Royal jelly       |       |       |       |       |     1 |     1 ||     2
       Bread ration      |       |       |       |       |     5 |     6 ||    11
Armor: Robe              |    15 |    44 |    29 |    87 |   140 |    37 ||   352
       Ring mail         |       |       |       |       |    75 |   122 ||   197
Dodge: Dodged            |    47 |    85 |    63 |   309 |   445 |   229 ||  1178
       Deflected         |       |       |       |     2 |    11 |    13 ||    26

Vault maps used:
D:1:      minmay_arrival_diagonal_passages, kennysheep_doodads
D:3:      minmay_ruptured
D:4:      nicolae_ossuary_entry_false_entrances, first_bread, serial_shops,
          shop, lemuel_tele_altar
D:5:      minmay_crystal_room, uniq_pikel, uniq_eustachio, uniq_menkaure
D:7:      lemuel_crystal_altar, minivault_25
D:8:      lemuel_coloured_pillars_altar, elyvilon_altar_4, serial_shops,
          nicolae_shop_overgrown_old_shop
D:9:      lemuel_crystal_altar, slow_altar_1, kennysheep_mini, lair_0_dummy,
          minmay_orc_entry_temple_small, basic_altar, uniq_prince_ribbit1
D:11:     lab_entry_generic, blue_anna_alchemist,
          nicolae_qazlal_eye_of_the_storm
D:12:     nrook_mini_vaults, minmay_misc_feat_secret_circle, kennysheep_nub,
          nicolae_transmutations_shop
D:13:     basic_altar
D:14:     hangedman_vaults_entry_quadrant_bands, enter_bailey_2,
          hangedman_abyss_or_decor_passed
D:15:     hangedman_depths_entry_try_elsewhere_first, corexii_leaking_fountain,
          uniq_roxanne
Temple:   eino_wide_crystal_templ
Lair:1:   infiniplex_staircase_pool, serial_bayou_shore_b, serial_bayou_shore_a,
          lemuel_fruit_fields
Lair:2:   minmay_swamp_entry_worms, infiniplex_staircase_pool_2,
          serial_bayou_shore_b
Lair:3:   dummy_snake_entry, serial_forest, infiniplex_forest_zigzag_2,
          infiniplex_forest_straight_2, infiniplex_forest_corner_1,
          infiniplex_forest_end_1, infiniplex_forest_straight_2,
          infiniplex_forest_end_2, infiniplex_forest_clump_cross,
          infiniplex_forest_lined_corner, cheibrodos_lair_caveside_slide,
          cheibrodos_lair_reptile_den, serial_bayou_shore_b, uniq_rupert,
          uniq_harold
Lair:4:   grunt_forest_stairs_basic, lemuel_fruit_fields, lemuel_fruit_fields,
          lemuel_fruit_tree, uniq_sonja
Lair:5:   slime_altar_1, grunt_megastairs_1
Lair:6:   evilmike_catoblepas_cave
Swamp:1:  evilmike_swamp_ruin_rubble_2
Swamp:2:  nicolae_swamp_treefoil
Swamp:3:  nicolae_swamp_stair_fork
Swamp:4:  swamp_basic_johnstein, uniq_kirke, uniq_louise
Orc:1:    portal_ice_cave_entry_ice_beasts, serial_shops, nicolae_shop_crystal,
          hangedman_minor_magic
Orc:2:    st_orc_pillars
Lab:      labyrinth_watery, nicolae_lab_grate_2, nicolae_lab_checkerboard,
          nicolae_lab_t_cross, nicolae_lab_hexagon
Bailey:   bailey_axe_bossmonster_kennysheep, bailey
IceCv:    ice_cave_caverns_03

Table legend:
 A = Turns spent in this place as a percentage of turns spent in the entire game.
 B = Non-inter-level travel turns spent in this place as a percentage of non-inter-level travel turns spent in the entire game.
 C = Inter-level travel turns spent in this place as a percentage of turns spent in this place.
 D = Turns resting spent in this place as a percentage of non-inter-level travel turns spent in this place.
 E = Turns spent auto-exploring this place as a percentage of non-inter-level travel turns spent in this place.
 F = Non-inter-level travel turns spent in this place divided by the number of levels of this place that you've seen.
                   A       B       C       D       E      F
               +-------+-------+-------+-------+-------+----------------------
         Total | 100.0 | 100.0 |   0.4 |   2.9 |   4.5 | 401.7
       Dungeon |  49.0 |  49.0 |   0.4 |   3.5 |   6.5 | 406.9
        Temple |   0.4 |   0.4 |   1.8 |   0.0 |   0.0 |  55.0
          Lair |  23.9 |  23.9 |   0.6 |   3.1 |   3.5 | 495.7
         Swamp |   7.9 |   7.9 |   0.3 |   2.8 |   2.5 | 246.5
  Orcish Mines |  10.6 |  10.6 |   0.3 |   1.8 |   2.7 | 660.0
     Labyrinth |   1.7 |   1.7 |   0.0 |   2.8 |   0.0 | 214.0
        Bailey |   2.4 |   2.4 |   0.0 |   0.7 |   0.0 | 301.0
      Ice Cave |   4.0 |   4.0 |   0.0 |   0.0 |   0.0 | 499.0
               +-------+-------+-------+-------+-------+----------------------

Table legend:
 A = Kills in this place as a percentage of kills in entire the game.
 B = Kills by you in this place as a percentage of kills by you in the entire game.
 C = Kills by friends in this place as a percentage of kills by friends in the entire game.
 D = Other kills in this place as a percentage of other kills in the entire game.
 E = Experience gained in this place as a percentage of experience gained in the entire game.
 F = Experience gained in this place divided by the number of levels of this place that you have seen.
                   A       B       C       D       E      F
               +-------+-------+-------+-------+-------+----------------------
         Total | 100.0 | 100.0 | 100.0 | 100.0 | 100.0 | 6128.0
       Dungeon |  47.6 |  47.6 | 100.0 |  44.4 |  34.5 | 4367.8
          Lair |  22.4 |  22.9 |   0.0 |   7.4 |  32.9 | 10412.5
         Swamp |   6.8 |   7.0 |   0.0 |   0.0 |  14.6 | 6932.2
  Orcish Mines |  15.4 |  15.0 |   0.0 |  29.6 |   9.9 | 9413.0
     Labyrinth |   0.7 |   0.8 |   0.0 |   0.0 |   1.2 | 2285.0
        Bailey |   2.9 |   2.5 |   0.0 |  14.8 |   1.4 | 2625.0
      Ice Cave |   4.2 |   4.3 |   0.0 |   3.7 |   5.5 | 10512.0
               +-------+-------+-------+-------+-------+----------------------
